Map: Dusk Towers

Players

Miszu - Winner!

  • Race: Terran Terran
  • League: Master

Dexter

  • Race: Zerg Zerg
  • League: Master

VOD

Have the link to the VOD?

Description

Time

  • Played on: March 13, 2016, 12:59 p.m.
  • Length: 9:10
Show
View Real Time Build Order
Export as new Build Order

Miszu Terran - Winner!

Build Orders: Liberator Opening, Reaper Expand, MMM Bio 

Get SALT Encoding   

  12  0:00  SCV  
  13  0:13  SCV  
  14  0:17  Supply Depot  
  14  0:25  SCV  
  15  0:38  SCV  
  15  0:40  Barracks  
  16  0:43  Refinery  
  16  0:50  SCV  
  17  1:03  SCV  
  18  1:16  SCV  
  19  1:28  Reaper, Orbital Command  
  20  1:39  Command Center  
  20  1:48  Supply Depot  
  20  1:53  Refinery  
  20  1:55  SCV  
  21  2:07  Barracks Reactor, SCV  
  22  2:19  SCV  
  22  2:20  Factory  
  23  2:31  SCV  
  24  2:43  SCV  
  25  2:44  Marine x2  
  27  2:52  Orbital Command  
  27  2:55  SCV  
  28  3:02  Marine x2  
  30  3:07  SCV  
  31  3:13  Starport, Factory Tech Lab  
  31  3:19  SCV  
  32  3:20  SCV  
  33  3:31  SCV  
  33  3:32  SCV  
  37  3:41  Liberator  
  34  3:43  Marine x2  
  34  3:44  SCV x2  
  34  3:48  Factory Tech Lab  
  38  3:51  Command Center  
  38  3:52  Fusion Core  
  38  3:56  SCV x2  
  43  4:03  Supply Depot  
  43  4:07  Siege Tank  
  46  4:16  Supply Depot  
  46  4:24  Barracks  
  46  4:25  Barracks, SCV x2  
  46  4:26  Refinery  
  46  4:28  Refinery  
  48  4:37  SCV x2  
  50  4:38  Advanced Ballistics  
  50  4:39  Liberator  
  50  4:49  Supply Depot, SCV x2  
  50  4:51  Marine x2  
  57  5:01  SCV x2  
  57  5:06  Orbital Command  
  59  5:09  Marine  
  59  5:13  SCV x2  
  62  5:16  Marine  
  63  5:22  Supply Depot  
  63  5:24  Liberator  
  63  5:25  SCV x2  
  63  5:27  Barracks Tech Lab  
  65  5:33  Engineering Bay  
  65  5:34  Engineering Bay  
  65  5:36  Barracks Tech Lab, Siege Tank  
  65  5:37  Marine x2, SCV x2  
  75  5:45  Supply Depot  
  75  5:49  Marine, SCV x2  
  78  5:53  Stimpack  
  78  5:56  Combat Shields  
  78  5:57  Marine x3  
  78  6:01  SCV x2  
  78  6:02  Terran Infantry Weapons Level 1  
  83  6:05  Terran Infantry Armor Level 1  
  83  6:13  SCV x2  
  85  6:21  Marine x4  
  89  6:27  Siege Tank  
  89  6:31  Barracks  
  89  6:32  Barracks  
  92  6:34  Supply Depot  
  92  6:36  SCV  
  92  6:37  Orbital Command  
  92  6:38  Marine  
  92  6:39  Marine x2  
  96  6:40  SCV  
  96  6:46  Marine  
  98  6:50  SCV  
  98  6:54  SCV  
  100  6:56  Marine x2  
  100  6:57  Marine  
  100  6:59  Siege Tank  
  100  7:01  Supply Depot  
  106  7:02  SCV x2  
  106  7:04  Marine  
  106  7:07  Starport Reactor  
  109  7:20  Supply Depot x3  
  109  7:21  Refinery  
  109  7:22  Marine x4  
  113  7:23  Supply Depot  
  115  7:37  Barracks Reactor x2, Siege Tank  
  115  7:40  Marine  
  115  7:41  Marine  
  115  7:42  Marauder x2  
  122  7:44  Supply Depot  
  122  7:46  Supply Depot  
  122  7:47  Supply Depot, SCV x2  
  124  7:55  Medivac x2  
  124  7:58  Marine  
  129  7:59  Marine  
  129  8:01  Refinery, SCV x3  
  129  8:03  Marauder  
  129  8:04  Marauder  
  137  8:11  Missile Turret x2  
  137  8:12  Missile Turret  
  137  8:13  SCV  
  137  8:15  Marine  
  137  8:17  Marine  
  140  8:22  Marine x2  
  140  8:23  Marine x2  
  140  8:24  Marauder, Siege Tank  
  140  8:25  Medivac x2, Marauder  
  152  8:32  Armory  
  152  8:33  Marine  
  150  8:34  Command Center  
  150  8:35  Marine  
  150  8:39  Supply Depot  
  150  8:40  Supply Depot, Marine x2  
  150  8:41  Marine x2  
  151  8:46  Marauder  
  151  8:48  Supply Depot  
  154  8:51  Marine  
Show
View Real Time Build Order
Export as new Build Order

Dexter Zerg 

Build Orders: Hatch First 

Get SALT Encoding   

  12  0:01  Drone  
  13  0:12  Overlord  
  13  0:17  Drone  
  14  0:30  Drone x2  
  16  0:36  Drone  
  17  0:51  Hatchery  
  17  0:54  Drone  
  17  0:57  Drone  
  18  1:08  Extractor  
  17  1:12  Spawning Pool  
  17  1:15  Drone  
  17  1:18  Drone  
  18  1:28  Drone  
  19  1:38  Overlord  
  19  1:59  Queen  
  19  2:00  Zergling x2  
  19  2:01  Zergling x2  
  23  2:03  Zergling x2, Queen  
  26  2:12  Metabolic Boost  
  26  2:15  Drone x2  
  28  2:22  Drone  
  29  2:25  Drone  
  30  2:34  Overlord  
  30  2:35  Queen  
  31  2:42  Drone, Spore Crawler  
  31  2:46  Queen  
  31  2:49  Drone  
  31  2:50  Drone  
  36  2:58  Drone x2  
  38  3:04  Drone  
  39  3:09  Overlord, Drone x2  
  41  3:14  Overlord  
  41  3:17  Overlord  
  41  3:27  Hatchery  
  41  3:33  Drone x3  
  43  3:40  Drone x2  
  43  3:41  Drone  
  46  3:45  Drone  
  46  3:46  Overlord, Drone  
  48  3:56  Roach Warren  
  48  3:59  Extractor x2  
  48  4:00  Drone x3  
  48  4:01  Drone x2  
  50  4:03  Drone  
  51  4:13  Overlord  
  51  4:18  Overlord  
  50  4:31  Drone  
  50  4:33  Spore Crawler  
  50  4:36  Roach x7  
  64  4:39  Lair  
  64  4:40  Drone  
  64  4:44  Queen  
  67  4:47  Drone x2  
  67  4:50  Overlord  
  70  4:52  Zergling x2  
  70  4:53  Zergling x2  
  70  4:59  Drone  
  72  5:00  Extractor, Drone x2  
  72  5:02  Drone  
  72  5:06  Drone x2  
  76  5:09  Zergling x6  
  79  5:19  Ravager x3  
  82  5:31  Drone  
  82  5:32  Drone x5  
  88  5:37  Roach x4  
  88  5:39  Evolution Chamber  
  95  5:43  Evolution Chamber  
  95  5:45  Overlord x2  
  95  5:47  Overlord  
  94  5:51  Overseer  
  94  5:55  Glial Reconstitution  
  94  5:56  Overlord  
  94  5:59  Overseer  
  94  6:00  Roach x4  
  94  6:05  Drone x4  
  94  6:06  Drone x3  
  94  6:07  Drone x2  
  94  6:09  Extractor  
  94  6:10  Extractor  
  101  6:13  Ravager x4  
  105  6:21  Drone  
  105  6:23  Spire  
  98  6:27  Ravager x2  
  98  6:28  Ravager  
  98  6:32  Drone  
  98  6:34  Drone x3  
  98  6:37  Overseer  
  99  6:43  Zerg Missile Weapons Level 1  
  99  6:45  Roach x2  
  102  6:49  Hatchery  
  91  7:02  Drone  
  91  7:03  Drone x5  
  91  7:05  Drone  
  94  7:26  Overlord  
  89  7:38  Corruptor  
  89  7:40  Corruptor x2  
  89  7:41  Corruptor  
  95  7:47  Drone x2  
  97  7:53  Drone  
  98  8:03  Drone  
  96  8:10  Drone x3  
  95  8:26  Drone  
  95  8:27  Drone x4  
  99  8:34  Drone  
  99  8:35  Drone  
  100  8:44  Ravager x4  
  104  8:48  Drone  
  104  8:49  Drone x2  
  104  8:51  Infestation Pit, Drone  
  104  8:52  Drone  
Tags
 
Add a new tag
Caveats
  • Supply blocks, unpowered buildings, or Contaminate may cause inaccurate times.
  • Supply counts are checked every 10 seconds.